 Dungeon Crawl Stone Soup version 0.29-a0-824-gd827844252 (webtiles) character file.

Game seed: 14709244966832117875

164294 StoneSoupSpirits the Marksdemonspawn (level 17, -9/156 HPs)
             Began as a Demonspawn Chaos Knight on July 10, 2022.
             Was a Plaything of Xom.
             Mangled by a salamander
             ... wielding a +0 glaive
              (14 damage)
             ... on level 4 of the Snake Pit.
             The game lasted 02:56:14 (28589 turns).

StoneSoupSpirits the Marksdemonspawn (DsCK)        Turns: 28589, Time: 02:56:15

Health: -9/156     AC: 38    Str: 21    XL:     17   Next: 25%
Magic:  18/18      EV: 11    Int: 23    God:    Xom [..*...]
Gold:   1713       SH:  4    Dex: 23    Spells: 9/16 levels left

rFire   . . .      SeeInvis .   Z - +8 mithril axe "Arga" {speed, Will+}
rCold   + + .      Faith    .   (no shield)
rNeg    + . .      Spirit   .   J - +8 plate armour of the Tuna {rElec Regen+ Str+3}
rPois   +          Reflect  .   (helmet unavailable)
rElec   +          Harm     .   w - +2 cloak {rPois}
rCorr   .          Rampage  .   C - +2 pair of gloves {Str+3}
Will    +++..                   (boots unavailable)
Stlth   ..........              R - amulet of regeneration
HPRegen 2.96/turn               P - ring "Lietosomoff" {Fly rElec rPois rN+ Int+4}
MPRegen 0.16/turn               G - ring "Gur Hac" {+Blink Will+}

@: silenced, weakened, flying, studying Fighting, invisible
A: hooves 3, horns 3, foul stench 3, powered by death 3, demonic touch 2,
iridescent scales 3, large bone plates 1, camouflage 1, agile 2, clever 2, cold
resistance 2, high MP 1, poison resistance, robust 1, electricity resistance,
strong 1, wild magic 1, MP-powered wands, sturdy frame 2
a: Renounce Religion, Evoke Blink


You were on level 4 of the Snake Pit.
You worshipped Xom.
You were a toy of Xom.
You visited 4 branches of the dungeon, and saw 27 of its levels.
You also visited: Ossuary, Gauntlet and Ice Cave.

You collected 2310 gold pieces.
You spent 597 gold pieces at shops.

Inventory:

Hand Weapons
 e - the +7 arbalest of Movvirgh {elec, Str+3 Int+2}
   (Xom gifted it to you on level 6 of the Dungeon)

   Any ammunition fired from it occasionally discharges a powerful burst of
   electricity upon striking a foe.
   Str:       It affects your strength (+3).
   Int:       It affects your intelligence (+2).
 k - a +9 shortbow of flaming
 Z - the +8 mithril axe "Arga" (weapon) {speed, Will+}
   (You took it off a minotaur in a Gauntlet)

   Attacks with this weapon are significantly faster.
   Will:      It increases your willpower.
Armour
 b - a +2 crystal plate armour
 w - a +2 cloak of poison resistance (worn)
 C - a +2 pair of gloves of strength (worn)
 J - the +8 plate armour of the Tuna (worn) {rElec Regen+ Str+3}
   (You took it off an orc warrior on level 11 of the Dungeon)

   Str:       It affects your strength (+3).
   rElec:     It insulates you from electricity.
   Regen:     It increases your rate of health regeneration.
 U - a +0 tower shield of reflection
Jewellery
 g - a ring of fire
 j - a ring of resist corrosion
 q - a ring of willpower
 r - a ring of protection from cold
 v - a ring of positive energy
 z - the ring "Lileow" {rPois MP+9 Str+2}
   (You found it on level 4 of the Dungeon)

   [ring of magical power]

   Str:       It affects your strength (+2).
   rPois:     It protects you from poison.
   MP:        It affects your magic capacity (+9).
 G - the ring "Gur Hac" (right hand) {+Blink Will+}
   (You found it on level 5 of the Lair of Beasts)

   [ring of willpower]

   +Blink:    It lets you blink.
   Will:      It increases your willpower.
 P - the ring "Lietosomoff" (left hand) {Fly rElec rPois rN+ Int+4}
   (You found it in a Gauntlet)

   [ring of flight]

   Int:       It affects your intelligence (+4).
   rElec:     It insulates you from electricity.
   rPois:     It protects you from poison.
   rN:        It protects you from negative energy.
   Fly:       It grants you flight.
 R - an amulet of regeneration (around neck)
 V - the ring of Uveen {rElec rPois rF+ Will- Dex+4}
   (You found it on level 3 of the Lair of Beasts)

   [ring of poison resistance]

   Dex:       It affects your dexterity (+4).
   rF:        It protects you from fire.
   rElec:     It insulates you from electricity.
   rPois:     It protects you from poison.
   Will:      It decreases your willpower.
 W - a ring of protection from fire
Wands
 a - a wand of iceblast (17)
 h - a wand of quicksilver (10)
 o - a wand of charming (14)
 x - a wand of flame (60)
 D - a wand of digging (13)
 O - a wand of mindburst (4)
Scrolls
 d - a scroll of fear
 l - a scroll of silence
 m - 6 scrolls of immolation
 s - 4 scrolls of magic mapping
 u - a scroll of brand weapon
 y - 2 scrolls of teleportation
 A - a scroll of blinking
 F - 2 scrolls of enchant armour
 H - 22 scrolls of identify
 I - 4 scrolls of vulnerability
 K - 4 scrolls of poison
 M - 4 scrolls of torment
 T - a scroll of fog
Potions
 f - 14 potions of curing
 i - a potion of invisibility
 n - 5 potions of attraction
 p - 6 potions of mutation
 E - 2 potions of berserk rage
 L - 3 potions of heal wounds
 Q - 9 potions of might
 Y - 5 potions of lignification
Miscellaneous
 c - a piece from Xom's chessboard (15/15) (quivered)
 t - a phial of floods
 B - a phantom mirror
 N - a box of beasts
 S - a piece from Xom's chessboard (15/15)
 X - a condenser vane


   Skills:
 - Level 15.2 Fighting
 + Level 7.4 Axes
 - Level 18.0 Ranged Weapons
 - Level 15.2 Armour
 - Level 4.1 Dodging
 + Level 7.6 Shields
 - Level 6.2 Summonings
 - Level 7.0 Evocations


You had 9 spell levels left.
You knew the following spells:

 Your Spells              Type           Power      Damage    Failure   Level
a - Summon Guardian Gole  Hex/Summ       18%        N/A       56%         3
b - Call Canine Familiar  Summ           37%        N/A       21%         3
c - Summon Small Mammal   Summ           100%       N/A       8%          1

Your spell library contained the following spells:

 Spells                   Type           Power      Damage    Failure   Level
 Necrotise                Necr           0%         1d4       63%         1
 Sting                    Tmut/Pois      0%         1d3       63%         1
 Blink                    Tloc           0%         N/A       75%         2
 Ensorcelled Hibernation  Hex/Ice        0%         N/A       75%         2
 Passwall                 Tmut/Erth      0%         N/A       75%         2
 Poisonous Vapours        Pois/Air       0%         N/A       75%         2
 Static Discharge         Conj/Air       0%         3-3/arc   75%         2
 Animate Armour           Summ/Erth      36%        N/A       91%         4
 Lesser Beckoning         Tloc           0%         N/A       92%         3
 Swiftness                Air            0%         N/A       92%         3
 Vampiric Draining        Necr           0%         2d6       92%         3
 Animate Dead             Necr           0%         N/A       100%        4
 Iskenderun's Mystic Bla  Conj/Tloc      0%         2d3       100%        4
 Olgreb's Toxic Radiance  Pois           0%         N/A       100%        4
 Agony                    Necr           0%         N/A       100%        5
 Blade Hands              Tmut           0%         N/A       100%        5
 Borgnjor's Vile Clutch   Necr/Erth      0%         N/A       100%        5
 Lightning Bolt           Conj/Air       0%         1d11      100%        5
 Manifold Assault         Tloc           0%         N/A       100%        5
 Death Channel            Necr           0%         N/A       100%        6
 Iron Shot                Conj/Erth      0%         9d1       100%        6
 Orb of Destruction       Conj           0%         9d5       100%        7
 Spellforged Servitor     Conj/Summ      9%         N/A       100%        7
 Maxwell's Capacitive Co  Air            0%         ∞         100%        8


Dungeon Overview and Level Annotations

Branches:
Dungeon (15/15)            Temple (0/1) D:6            Lair (6/6) D:9
 Shoals (0/4) Lair:3        Snake (4/4) Lair:4        Slime (0/5) Lair:6
    Orc (2/2) D:11            Elf (0/3) Orc:2        Vaults (0/5) D:13
 Depths (0/4) D:15        Ossuary (visited)           IceCv (visited)
Gauntlet (visited)

Altars:
Dithmenos
Kikubaaqudgha
Makhleb
Okawaru
Sif Muna
Vehumet
Wu Jian
Xom
Jiyva

Shops:
D:5 ?=**   Orc:1 *   Orc:2 (:(*   Snake:1 :

Annotations:
Snake:3 3 runed translucent doors, Voveif's ghost, adept VSFi
Snake:4 Bai Suzhen


Innate Abilities, Weirdness & Mutations

You have hooves in place of feet.
You have a pair of large horns on your head.
You frequently emit foul miasma when damaged in melee.
You regenerate a lot of health from kills.
Your touch may inflict irresistible damage on your foes.
You are completely covered in iridescent scales. (AC +6)
You are partially covered in large bone plates. (SH +4)
Your skin changes colour to match your surroundings (Stealth+).
You are very agile. (Dex +8, Str/Int -2)
Your mind is very acute. (Int +8, Str/Dex -2)
Your flesh is very cold resistant. (rC++)
You have an increased reservoir of magic. (+10% MP)
Your system is resistant to poisons. (rPois)
You are robust. (+10% HP)
You are resistant to electric shocks. (rElec)
Your muscles are strong. (Str +4, Int/Dex -1)
Your spells are a little harder to cast, but a little more powerful.
You expend magic power (3 MP) to strengthen your wands.
Your movements are less encumbered by armour. (ER -4)


Message History

You are engulfed in flames!
* * * LOW HITPOINT WARNING * * *
The salamander closely misses you.
Magic scrolls do not work when you're silenced!
The salamander tyrant attacks as you move away!
The salamander tyrant hits you but does no damage.
You fade into invisibility!
You block Bai Suzhen's attack. x2
Bai Suzhen attacks as you move away! Bai Suzhen misses you.
Bai Suzhen barely misses you.
You slash Bai Suzhen! You kick Bai Suzhen, but do no damage.
You touch Bai Suzhen!
Bai Suzhen is moderately wounded.
Bai Suzhen closely misses you.
Bai Suzhen tail-slaps you but does no damage.
The salamander barely misses you.
You completely miss Bai Suzhen. You kick Bai Suzhen, but do no damage.
You headbutt Bai Suzhen, but do no damage.
You touch Bai Suzhen!
Bai Suzhen is moderately wounded.
You hit the salamander tyrant.
The salamander hits you from afar with a +0 glaive!
* * * LOW HITPOINT WARNING * * *
You are engulfed in flames!
* * * LOW HITPOINT WARNING * * *
Bai Suzhen hits you but does no damage.
Bai Suzhen tail-slaps you but does no damage.
The salamander tyrant barely misses you.
You slash Bai Suzhen! You kick Bai Suzhen, but do no damage.
You headbutt Bai Suzhen!
Bai Suzhen is heavily wounded.
You catch the helpless salamander tyrant completely off-guard!
You hit the salamander tyrant. Bai Suzhen barely misses you.
Bai Suzhen tail-slaps you but does no damage.
The salamander hits you from afar with a +0 glaive!
* * * LOW HITPOINT WARNING * * *
Xom thinks this is hilarious!
You are engulfed in flames!
You die...
Xom chuckles heartily!

.).......................
#...........####....###
.)...#......#.......####
....######.......###...#
...†###.........####...#
........##.......§.#...#
........##...#####N§...##
.##...<.....#####NN†N...#
####.##.........@d#§..#.###
.# ##...#....######NN.....#
.####.##.....#........#...##
...............#.####......#
........########)# #.^....#
.................# #......#
############....## ########
#.)..# ##..)S##


You could see Bai Suzhen, a salamander tyrant (unable to see you) and 2
salamanders.

Vanquished Creatures
  Jorgrun (D:15)
  Gastronok (D:12)
  Donald (Snake:2)
  A quicksilver ooze (D:14)
  A reaper (IceCv)
  The ghost of Armakuni the Cruncher, a journeyman HuAr of Elyvilon (D:11)
  2 minotaurs
  5 boulder beetles
  5 vault guards (D:13)
  13 hydras
  A shambling mangrove (D:13)
  2 salamander tyrants (Snake:4)
  5 ogre magi
  A catoblepas (Lair:5)
  16 two-headed ogres
  Erica (Lair:1)
  A merfolk avatar (Lair:6)
  4 centaur warriors
  10 naga warriors
  11 anacondas
  3 tengu warriors
  8 shock serpents
  Urug (Lair:1)
  A thrashing horror (Gauntlet)
  Nergalle (Lair:1)
  15 naga sharpshooters
  7 skeletal warriors (D:15)
  2 sea snakes (Lair:6)
  2 salamander mystics (Snake:4)
  3 naga ritualists
  A swamp dragon (Lair:6)
  A harpy (Lair:6)
  A wizard (D:13)
  A harpy (shapeshifter) (Orc:2)
  6 mana vipers
  2 deep elf pyromancers
  An oklob plant (D:12)
  3 ugly things
  6 salamanders
  4 manticores
  4 cyclopes
  Maurice (D:15)
  A faun (shapeshifter) (Lair:4)
  16 elephants
  Joseph (D:8)
  4 gargoyles
  12 naga magi
  25 black mambas
  2 guardian serpents
  2 ice statues (IceCv)
  A torpor snail (Lair:4)
  An unseen horror (D:12)
  A rime drake (shapeshifter) (D:14)
  21 cane toads
  9 komodo dragons
  An efreet (D:13)
  5 rime drakes
  3 yaktaurs
  6 ice devils (IceCv)
  3 trolls
  A wind drake (Lair:6)
  2 polar bears
  A troll (shapeshifter) (D:15)
  A wind drake (shapeshifter) (D:12)
  A blink frog (shapeshifter) (D:13)
  5 meliai (D:15)
  46 blink frogs
  21 slime creatures
  3 dream sheep (Lair:4)
  4 hornets
  A snapping turtle (Lair:6)
  A centaur simulacrum (D:14)
  4 shadows
  2 wyverns (Lair:6)
  A human (D:13)
  A human (shapeshifter) (D:14)
  3 basilisks
  46 yaks
  2 vampire mosquitoes (D:12)
  3 wargs
  3 steam dragons
  A harpy simulacrum (IceCv)
  25 nagas
  23 water moccasins
  An acid dragon (D:11)
  2 small abominations (Gauntlet)
  20 orc warriors
  A sky beast (D:6)
  2 black bears
  4 boggarts
  10 wolves (Lair:3)
  20 ogres (Orc:2)
  12 centaurs
  A phantom (D:5)
  4 nameless horrors
  A gnoll sergeant (D:13)
  A necrophage (D:6)
  A kobold brigand (D:9)
  10 bullfrogs
  2 two-headed ogre simulacra (IceCv)
  9 scorpions
  A cane toad simulacrum (IceCv)
  2 water moccasin zombies (Ossuary)
  4 wights (D:9)
  6 killer bees (D:9)
  2 elephant simulacra (IceCv)
  An oklob sapling (D:12)
  4 howler monkeys
  An electric eel (Lair:5)
  6 jellies
  2 hounds
  20 orc priests
  2 iguanas (D:6)
  19 orc wizards
  2 polar bear simulacra (IceCv)
  2 spriggan simulacra (IceCv)
  A troll simulacrum (IceCv)
  2 wolf simulacra (IceCv)
  2 mummies (Ossuary)
  10 gnolls
  3 naga simulacra (IceCv)
  10 adders
  A shadow imp (D:8)
  4 white imps
  4 ufetubi
  4 adder zombies (Ossuary)
  76 orcs
  5 bats
  5 endoplasms
  2 giant cockroaches (D:2)
  4 gnoll zombies (Ossuary)
  6 goblins
  5 hobgoblins
  4 jackals (D:3)
  2 quokkas
  14 ball pythons
  A frilled lizard (D:3)
  4 hobgoblin zombies (Ossuary)
  9 kobolds
  2 kobold zombies (Ossuary)
  4 orc zombies (Ossuary)
  2 rats (D:2)
833 creatures vanquished.

Vanquished Creatures (collateral kills)
  A two-headed ogre (Orc:2)
  2 cane toads
  A blink frog (Lair:4)
  2 slime creatures (D:12)
  An ogre (D:7)
  A black bear (Lair:4)
  A necrophage (D:7)
  Terence (D:2)
  An orc wizard (Orc:2)
  5 gnolls (D:4)
  An endoplasm (D:4)
  A rat (D:2)
18 creatures vanquished.

Vanquished Creatures (others)
  A slime creature (D:12)
  A freezing wraith (IceCv)
  A meliai (D:15)
  A dream sheep (Lair:4)
  A wraith (D:11)
  An orc warrior (D:11)
  An ice beast (D:5)
  A centaur (D:11)
  An orc wizard (Orc:1)
  2 orcs (D:11)
  A bush (Lair:3)
  72 fungi
  128 plants
212 creatures vanquished.

Grand Total: 1063 creatures vanquished

Notes
Turn   | Place    | Note
-------+----------+-------------------------------------------
     0 | D:1      | StoneSoupSpirits the Demonspawn Chaos Knight began the
                  | quest for the Orb.
     0 | D:1      | Reached XP level 1. HP: 18/18 MP: 1/1
    51 | D:1      | XOM: silly message
   131 | D:1      | Gained mutation: You regenerate a little health from kills.
                  | [demonic ancestry]
   131 | D:1      | Reached XP level 2. HP: 22/24 MP: 2/2
   270 | D:1      | XOM: divination: magic mapping
   456 | D:1      | XOM: divination: detect items
   605 | D:2      | XOM: god gift: scroll labelled MIETIER RIPT {god gift}
   807 | D:2      | Discovered your monstrous ancestry.
   807 | D:2      | Gained mutation: You have large cloven feet. [demonic
                  | ancestry]
   807 | D:2      | Reached XP level 3. HP: 29/29 MP: 3/3
   839 | D:2      | Reached skill level 1 in Ranged Weapons
   941 | D:2      | Noticed Terence
   941 | D:2      | XOM: cast spell 'Summon Dragon'
   942 | D:2      | Killed Terence
   943 | D:2      | Gained mutation: Your touch may inflict minor irresistible
                  | damage on your foes. [demonic ancestry]
   943 | D:2      | Reached XP level 4. HP: 37/37 MP: 4/4
  1023 | D:2      | XOM: stat loss: -1 Dex (14/15)
  1557 | D:3      | Reached skill level 2 in Ranged Weapons
  1592 | D:3      | XOM: god gift: leather armour {god gift}
  1662 | D:3      | Gained mutation: You regenerate health from kills. [demonic
                  | ancestry]
  1662 | D:3      | Reached XP level 5. HP: 27/43 MP: 5/5
  2206 | D:3      | XOM: god gift: short wooden wand {god gift}
  2376 | D:4      | Reached skill level 3 in Ranged Weapons
  2377 | D:4      | Reached skill level 5 in Fighting
  2395 | D:4      | Gained mutation: You may rarely emit foul miasma when
                  | damaged in melee. [demonic ancestry]
  2395 | D:4      | Reached XP level 6. HP: 51/51 MP: 6/6
  2420 | D:4      | Identified the ring "Lileow" {rPois MP+9 Str+2}
  3090 | D:5      | Entered Level 5 of the Dungeon
  3132 | D:5      | Found a shadowy altar of Dithmenos.
  3136 | D:5      | Found a shimmering blue altar of Sif Muna.
  3136 | D:5      | Found a radiant altar of Vehumet.
  3136 | D:5      | Found a burning altar of Makhleb.
  3139 | D:5      | XOM: swap monsters
  3145 | D:5      | Reached skill level 4 in Ranged Weapons
  3162 | D:5      | XOM: summons 1 hostile demon
  3357 | D:5      | Found Fytun's General Store.
  3403 | D:5      | Gained mutation: You regenerate a lot of health from kills.
                  | [demonic ancestry]
  3403 | D:5      | Reached XP level 7. HP: 50/56 MP: 7/7
  3448 | D:5      | Found Meustyr's Jewellery Boutique.
  3506 | D:5      | Found Huutz's General Store.
  3556 | D:5      | XOM: scenery: 1 doors close
  3562 | D:5      | XOM: divine lightning
  3563 | D:5      | Reached skill level 5 in Ranged Weapons
  3912 | D:5      | Found Pyaxkoang's Magic Scroll Shoppe.
  3915 | D:5      | Bought a scroll of teleportation for 30 gold pieces
  3915 | D:5      | Bought a scroll of blinking for 75 gold pieces
  3915 | D:5      | Bought a scroll of teleportation for 30 gold pieces
  3915 | D:5      | Bought a scroll of teleportation for 30 gold pieces
  4053 | D:5      | XOM: give mutation
  4053 | D:5      | Gained mutation: You expend magic power (3 MP) to
                  | strengthen your wands. [Xom's grace]
  4272 | D:6      | Reached skill level 6 in Ranged Weapons
  4282 | D:6      | Identified the +7 arbalest of Movvirgh {elec, Str+3 Int+2}
                  | (Xom gifted it to you on level 6 of the Dungeon)
  4282 | D:6      | XOM: god gift: +7 arbalest of Movvirgh {elec, Str+3 Int+2}
  4283 | D:6      | XOM: divination: detect items
  4348 | D:6      | XOM: god gift: 40 gold pieces
  4411 | D:6      | XOM: potion effect (curing)
  4539 | D:6      | Found a shimmering altar of Xom.
  4546 | D:6      | Reached skill level 7 in Ranged Weapons
  4551 | D:6      | XOM: scenery: summon butterflies
  4712 | D:6      | Reached XP level 8. HP: 61/64 MP: 8/8
  4790 | D:6      | XOM is BORED!
  4927 | D:6      | Found a staircase to the Ecumenical Temple.
  4940 | D:6      | XOM: 5-stop teleportation journey
  5398 | D:6      | XOM: give mutations
  5398 | D:6      | Gained mutation: Your mind is acute. (Int +4, Str/Dex -1)
                  | [Xom's grace]
  5398 | D:6      | Gained mutation: You are resistant to electric shocks.
                  | (rElec) [Xom's grace]
  5398 | D:6      | Gained mutation: Your mind is very acute. (Int +8, Str/Dex
                  | -2) [Xom's grace]
  5398 | D:6      | Gained mutation: Your system is resistant to poisons.
                  | (rPois) [Xom's grace]
  5802 | D:7      | Reached skill level 1 in Dodging
  5839 | D:7      | XOM: 1-stop teleportation journey
  5956 | D:7      | XOM: god gift: 5 stones
  6014 | D:7      | Lost mutation: Your system is resistant to poisons. (rPois)
                  | [potion of mutation]
  6014 | D:7      | Lost mutation: You are resistant to electric shocks.
                  | (rElec) [potion of mutation]
  6014 | D:7      | Gained mutation: You have a somewhat thin skeletal
                  | structure. (Dex +2, Stealth+) [potion of mutation]
  6014 | D:7      | Gained mutation: You are robust. (+10% HP) [potion of
                  | mutation]
  6014 | D:7      | Gained mutation: You are partially covered in iridescent
                  | scales. (AC +2) [potion of mutation]
  6023 | D:7      | XOM: summons 3 friendly demons
  6115 | D:7      | Found an iron altar of Okawaru.
  6182 | D:7      | XOM: divination: detect items
  6623 | D:7      | XOM: divination: detect items
  6729 | D:8      | Noticed an angel
  6745 | D:8      | Gained mutation: Your touch may inflict irresistible damage
                  | on your foes. [demonic ancestry]
  6745 | D:8      | Reached XP level 9. HP: 81/81 MP: 9/9
  6749 | D:8      | Reached skill level 1 in Evocations
  6795 | D:8      | Noticed Joseph
  6807 | D:8      | Killed Joseph
  6822 | D:8      | Found a sand-covered staircase.
  6827 | Ossuary  | Entered an ossuary
  6839 | Ossuary  | XOM: give mutation
  6839 | Ossuary  | Gained mutation: You have an increased reservoir of magic.
                  | (+10% MP) [Xom's grace]
  6879 | Ossuary  | XOM: scenery: 1 doors open, 1 doors close
  6933 | Ossuary  | XOM: scenery: 2 doors close
  7044 | D:8      | Found Fugeten's CLEARANCE SALE!.
  7051 | D:8      | Bought a potion of heal wounds for 35 gold pieces
  7085 | D:8      | XOM: give mutation
  7085 | D:8      | Gained mutation: You have hidden genetic potential. [Xom's
                  | mischief]
  7114 | D:8      | Reached skill level 8 in Ranged Weapons
  7217 | D:7      | XOM: scenery: 1 doors close
  7375 | D:8      | XOM: enchant monster (bad)
  7413 | D:8      | Reached skill level 9 in Ranged Weapons
  7479 | D:8      | XOM: confuse monster(s)
  7739 | D:9      | Reached skill level 1 in Summonings
  7748 | D:9      | Learned a level 3 spell: Summon Guardian Golem
  7837 | D:9      | Learned a level 3 spell: Call Canine Familiar
  7843 | D:9      | XOM: cleaving
  7853 | D:9      | XOM: enchant monster (good)
  7861 | D:9      | XOM: confuse monster(s)
  7865 | D:9      | Reached XP level 10. HP: 66/88 MP: 11/11
  7865 | D:9      | XOM: divination: magic mapping
  7893 | D:9      | XOM: summons friendly ufetubus
  7898 | D:9      | XOM: cast spell 'Alistair's Intoxication'
  7934 | D:9      | XOM: smoke on damage
  7936 | D:9      | XOM: enchant monster (good)
  7958 | D:9      | Gained mutation: You have great hidden genetic potential.
                  | [hidden potential]
  8015 | D:9      | XOM: god gift: 19 gold pieces
  8089 | D:9      | Reached skill level 10 in Ranged Weapons
  8104 | D:9      | XOM: potion effect (might)
  8154 | D:9      | XOM: cleaving
  8155 | D:9      | XOM: scenery: 1 doors close
  8167 | D:9      | XOM: polymorph yak -> yaktaur
  8178 | D:9      | Noticed a death drake
  8178 | D:9      | a yaktaur changed into a death drake
  8178 | D:9      | XOM: polymorph yaktaur -> death drake
  8193 | D:9      | XOM: swap monsters
  8474 | D:9      | XOM: noise
  8497 | D:9      | XOM: stat loss: -1 Int (20/21)
  8593 | D:9      | XOM: stat loss: -1 Str (12/13)
  8701 | D:9      | Found a staircase to the Lair.
  8705 | Lair:1   | Entered Level 1 of the Lair of Beasts
  8821 | Lair:1   | Noticed a cane toad
  8829 | Lair:1   | Killed a cane toad
  8887 | Lair:1   | Noticed a cane toad
  8894 | Lair:1   | Killed a cane toad
  8932 | Lair:1   | Noticed a cane toad
  8944 | Lair:1   | Killed a cane toad
  9046 | Lair:1   | Noticed Nergalle
  9047 | Lair:1   | XOM: summons friendly iron imp
  9049 | Lair:1   | Noticed Urug
  9049 | Lair:1   | XOM: 4-stop teleportation journey
  9059 | Lair:1   | XOM: enchant monster (bad)
  9069 | Lair:1   | Noticed a cane toad
  9151 | Lair:1   | XOM: polymorph hound -> centaur
  9154 | Lair:1   | Killed a cane toad
  9329 | Lair:1   | Noticed Erica
  9333 | Lair:1   | XOM: divination: detect creatures
  9504 | Lair:2   | XOM: torment (47/91 hp)
  9538 | Lair:2   | XOM: confusion (+ monsters)
  9562 | Lair:1   | XOM: blink monster(s)
  9662 | Lair:2   | XOM: silly message
  9678 | Lair:2   | Gained mutation: You sometimes emit foul miasma when
                  | damaged in melee. [demonic ancestry]
  9678 | Lair:2   | Reached XP level 11. HP: 72/97 MP: 12/12
  9679 | Lair:2   | XOM: 1-stop teleportation journey
  9748 | Lair:2   | Gained mutation: Your skin changes colour to match your
                  | surroundings (Stealth+). [hidden potential]
  9748 | Lair:2   | Lost mutation: You have great hidden genetic potential.
                  | [hidden potential expressed]
  9754 | Lair:2   | Reached skill level 5 in Summonings
  9824 | Lair:2   | XOM: enchant monster (good)
  9829 | Lair:2   | XOM: cast spell 'Death Channel'
  9961 | Lair:2   | Identified the +5 robe of Cheibriados's Outrage {rC+ Str+8
                  | Int-5}
 10138 | Lair:2   | Found an ornate altar of the Wu Jian Council.
 10167 | Lair:2   | XOM: noise
 10370 | Lair:2   | Noticed an eight-headed hydra
 10471 | Lair:3   | Reached skill level 11 in Ranged Weapons
 10722 | Lair:3   | XOM: scenery: create altars
 10747 | Lair:3   | Identified the ring of Uveen {rElec rPois rF+ Will- Dex+4}
 10759 | Lair:3   | XOM: potion effect (haste)
 10893 | Lair:3   | Learned a level 1 spell: Summon Small Mammal
 10936 | Lair:3   | XOM: 1-stop teleportation journey
 11017 | Lair:3   | XOM: scenery: create altars
 11058 | Lair:3   | Found a staircase to the Shoals.
 11101 | Lair:3   | Reached skill level 12 in Ranged Weapons
 11423 | Lair:3   | XOM: give mutations
 11423 | Lair:3   | Gained mutation: Your spells are a little harder to cast,
                  | but a little more powerful. [Xom's grace]
 11423 | Lair:3   | Gained mutation: You are mostly covered in iridescent
                  | scales. (AC +4) [Xom's grace]
 11423 | Lair:3   | Gained mutation: You have a pair of small horns on your
                  | head. [Xom's grace]
 11640 | Lair:3   | XOM: god gift: scroll of teleportation
 11778 | Lair:4   | Reached skill level 13 in Ranged Weapons
 11887 | Lair:4   | XOM: smoke on damage
 11899 | Lair:4   | Mutation became permanent: You have a pair of small horns
                  | on your head. [demonic ancestry]
 11899 | Lair:4   | Gained mutation: You have a pair of small horns on your
                  | head. [demonic ancestry]
 11899 | Lair:4   | Reached XP level 12. HP: 103/105 MP: 13/13
 11901 | Lair:4   | XOM: polymorph water moccasin -> boggart
 11909 | Lair:4   | XOM: fog
 12004 | Lair:4   | Identified a scroll of acquirement
 12004 | Lair:4   | Acquired a manual of Fighting
 12049 | Lair:4   | XOM: fog
 12054 | Lair:4   | Reached skill level 10 in Fighting
 12063 | Lair:4   | XOM: confuse monster(s)
 12067 | Lair:4   | Gained mutation: You are completely covered in iridescent
                  | scales. (AC +6) [hidden potential]
 12076 | Lair:4   | XOM: cleaving
 12219 | Lair:4   | Found a staircase to the Snake Pit.
 12258 | Lair:4   | XOM: scenery: summon butterflies
 12408 | Lair:4   | XOM: scenery: create altars
 12490 | Lair:4   | XOM: polymorph elephant -> redback
 12575 | Lair:4   | XOM: polymorph elephant -> glowing shapeshifter
 12577 | Lair:4   | XOM: noise
 12848 | Lair:5   | Reached skill level 15 in Fighting
 12872 | Lair:5   | Noticed a four-headed hydra
 12894 | Lair:5   | XOM: 1-stop teleportation journey
 12901 | Lair:5   | XOM: scenery: summon butterflies
 12905 | Lair:5   | XOM: potion effect (heal wounds)
 12906 | Lair:5   | XOM: divination: magic mapping
 12926 | Lair:5   | Noticed a four-headed hydra
 13037 | Lair:5   | XOM: confuse monster(s)
 13061 | Lair:5   | Reached skill level 5 in Evocations
 13307 | D:5      | Bought a +2 pair of boots for 181 gold pieces
 13307 | D:5      | Bought a potion of heal wounds for 55 gold pieces
 13350 | D:8      | XOM: draining
 13380 | D:10     | Entered Level 10 of the Dungeon
 13533 | D:10     | XOM: smoke on damage
 13758 | D:10     | Found an ancient bone altar of Kikubaaqudgha.
 13806 | D:10     | XOM: 1-stop teleportation journey
 14059 | D:10     | XOM: 1-stop teleportation journey
 14064 | D:10     | Identified the +4 short sword "Wutedghea" {elec, rPois
                  | Stlth+}
 14352 | D:11     | Found a runed translucent gate.
 14352 | D:11     | Found a runed translucent gate.
 14362 | D:11     | XOM: confusion
 14429 | D:11     | Found a runed translucent gate.
 14432 | D:11     | Noticed Armakuni's ghost (journeyman HuAr)
 14509 | D:11     | XOM: 3-stop teleportation journey
 14531 | D:11     | XOM: give mutations
 14531 | D:11     | Lost mutation: Your mind is very acute. (Int +8, Str/Dex
                  | -2) [Xom's mischief]
 14531 | D:11     | Lost mutation: You have a somewhat thin skeletal structure.
                  | (Dex +2, Stealth+) [Xom's mischief]
 14558 | D:11     | XOM: cast spell 'Summon Small Mammal'
 14560 | D:11     | XOM: potion effect (magic)
 14576 | D:11     | Identified the +8 plate armour of the Tuna {rElec Regen+
                  | Str+3}
 14587 | D:11     | Gained mutation: You have hoof-like feet. [demonic
                  | ancestry]
 14587 | D:11     | Reached XP level 13. HP: 100/127 MP: 8/14
 14590 | D:11     | XOM: confuse monster(s)
 14594 | D:11     | XOM: confusion (+ monsters)
 14750 | D:11     | Found a staircase to the Orcish Mines.
 14835 | D:11     | XOM: cast spell 'Summon Small Mammal'
 14941 | D:11     | XOM: potion effect (brilliance)
 14944 | D:11     | Killed Armakuni's ghost
 14976 | D:11     | Gained mutation: You have hooves in place of feet. [hidden
                  | potential]
 14976 | D:11     | Lost mutation: You have hidden genetic potential. [hidden
                  | potential expressed]
 15004 | D:11     | XOM: silly message
 15187 | D:12     | XOM: silly message
 15195 | D:12     | Reached skill level 5 in Armour
 15228 | D:12     | Noticed Gastronok
 15606 | Lair:5   | Identified the ring "Gur Hac" {+Blink Will+}
 15625 | Lair:5   | XOM: silly message
 16083 | Lair:6   | Entered Level 6 of the Lair of Beasts
 16121 | Lair:6   | XOM: noise
 16122 | Lair:6   | XOM: summons friendly crimson imp
 16144 | Lair:6   | XOM: summons friendly crimson imp
 16270 | Lair:6   | XOM: cast spell 'Olgreb's Toxic Radiance'
 16315 | Lair:6   | XOM: noise
 16367 | Lair:6   | XOM: confuse monster(s)
 16441 | Lair:6   | XOM: polymorph polar bear -> blink frog
 16516 | Lair:6   | XOM: destruction
 16537 | Lair:6   | XOM: enchant monster (bad)
 16541 | Lair:6   | XOM: confuse monster(s)
 16544 | Lair:6   | XOM: polymorph komodo dragon -> swamp dragon
 16545 | Lair:6   | XOM: confusion (+ monsters)
 16558 | Lair:6   | XOM: blink monster(s)
 16704 | Lair:6   | Reached skill level 10 in Armour
 16815 | Lair:6   | XOM: cast spell 'Call Canine Familiar'
 16842 | Lair:6   | Gained mutation: You have a pair of horns on your head.
                  | [demonic ancestry]
 16842 | Lair:6   | Reached XP level 14. HP: 135/135 MP: 15/15
 16845 | Lair:6   | XOM: noise
 16847 | Lair:6   | XOM: enchant monster (good)
 16848 | Lair:6   | XOM: cast spell 'Alistair's Intoxication'
 16866 | Lair:6   | XOM: divination: magic mapping
 16877 | Lair:6   | XOM: polymorph elephant -> manticore
 16993 | Lair:6   | XOM: divination: detect items
 17013 | Lair:6   | XOM: confuse monster(s)
 17073 | Lair:6   | XOM: confusion (+ monsters)
 17124 | Lair:6   | Found the +7 captain's cutlass {speed, disarm}
 17133 | Lair:6   | XOM: confuse monster(s)
 17133 | Lair:6   | XOM: smoke on damage
 17268 | Lair:6   | Identified the +8 glaive "Stringbean" {protect, rF+ rC+
                  | SInv}
 17423 | Lair:6   | Found a viscous altar of Jiyva.
 17424 | Lair:6   | Found a staircase to the Slime Pits.
 17444 | Lair:6   | XOM: noise
 18019 | Orc:1    | Entered Level 1 of the Orcish Mines
 18358 | Orc:1    | Found Pobbeh's Assorted Antiques.
 18437 | Orc:2    | Entered Level 2 of the Orcish Mines
 18475 | Orc:2    | XOM: potion effect (might)
 18624 | Orc:2    | XOM: cast spell 'Dispersal'
 18642 | Orc:2    | Found a staircase to the Elven Halls.
 18731 | Orc:2    | XOM: 10-stop teleportation journey
 18795 | Orc:2    | XOM: divination: detect items
 18809 | Orc:2    | XOM: cast spell 'Statue Form'
 18814 | Orc:2    | XOM: divination: detect creatures
 18992 | Orc:2    | Paralysed by something for 3 turns
 19018 | Orc:2    | XOM: blink monster(s)
 19025 | Orc:2    | XOM: polymorph ogre -> shapeshifter
 19031 | Orc:2    | XOM: enchant monster (good)
 19098 | Orc:2    | XOM: cleaving
 19102 | Orc:2    | XOM: summons friendly iron imp
 19155 | Orc:2    | XOM: confuse monster(s)
 19355 | Orc:2    | Found Puar's General Store.
 19355 | Orc:2    | Found Aded's Book Boutique.
 19356 | Orc:2    | Found Zuupi's Weapon Boutique.
 19356 | Orc:2    | Found Ydacev's Weapon Shoppe.
 19363 | Orc:2    | Bought a +0 pair of gloves of strength for 161 gold pieces
 19598 | Orc:2    | XOM: god gift: wand of quicksilver (3)
 19658 | D:12     | Reached skill level 14 in Ranged Weapons
 19787 | D:12     | XOM: polymorph boulder beetle -> shapeshifter
 19810 | D:12     | XOM: give mutation
 19810 | D:12     | Gained mutation: Your muscles are strong. (Str +4, Int/Dex
                  | -1) [Xom's grace]
 19851 | D:12     | XOM: divination: detect items
 19858 | D:12     | XOM: cast spell 'Olgreb's Toxic Radiance'
 19860 | D:12     | XOM: noise
 19976 | D:12     | Killed Gastronok
 20225 | D:12     | XOM: 5-stop teleportation journey
 20226 | D:12     | XOM: enchant monster (bad)
 20227 | D:12     | XOM: noise
 20232 | D:12     | XOM: cast spell 'Call Canine Familiar'
 20234 | D:12     | XOM: enchant monster (bad)
 20249 | D:12     | HP: 6/135 [white ugly thing (20)]
 20258 | D:12     | XOM: noise
 20332 | D:12     | Mutation became permanent: You have hoof-like feet.
                  | [demonic ancestry]
 20332 | D:12     | Gained mutation: You have hooves in place of feet. [demonic
                  | ancestry]
 20332 | D:12     | Reached XP level 15. HP: 113/141 MP: 16/16
 20362 | D:12     | XOM: summons 6 hostile demons
 20790 | D:12     | XOM: enchant monster (bad)
 20824 | D:12     | XOM: smoke on damage
 20824 | D:12     | Paralysed by a hornet for 3 turns
 21010 | D:13     | XOM: summons 3 hostile shadow creatures
 21099 | D:13     | Noticed Maurice
 21110 | D:13     | Reached skill level 15 in Ranged Weapons
 21126 | D:13     | XOM: swap monsters
 21127 | D:13     | XOM: chaos upgrade
 21130 | D:13     | XOM: polymorph six-headed hydra -> minotaur
 21184 | D:13     | XOM: blink monster(s)
 21284 | D:13     | Found the +1 robe of Vines {NoPotionHeal Regen++++}
 21390 | D:13     | Found a frozen archway.
 21443 | IceCv    | Entered an ice cave
 21588 | IceCv    | XOM: confusion
 21593 | IceCv    | XOM: noise
 21605 | IceCv    | XOM: chaos cloud
 21623 | IceCv    | XOM: confusion (+ monsters)
 21837 | D:13     | XOM: silly message
 21929 | D:13     | Reached skill level 16 in Ranged Weapons
 21998 | D:13     | XOM: 5-stop teleportation journey
 22221 | D:13     | Found a gate to the Vaults.
 22224 | D:13     | XOM: scenery: 2 fountains blood, 4 doors close
 22350 | D:13     | XOM: scenery: create altars
 22388 | D:13     | XOM: give mutations
 22388 | D:13     | Gained mutation: You are agile. (Dex +4, Str/Int -1) [Xom's
                  | grace]
 22388 | D:13     | Gained mutation: You are very agile. (Dex +8, Str/Int -2)
                  | [Xom's grace]
 22548 | D:14     | XOM: stealth player
 22650 | D:14     | XOM: cleaving
 22754 | D:14     | XOM: polymorph four-headed hydra -> quicksilver ooze
 22833 | D:14     | Reached skill level 17 in Ranged Weapons
 22844 | D:14     | XOM: give mutations
 22844 | D:14     | Gained mutation: Your movements are slightly less
                  | encumbered by armour. (ER -2) [Xom's grace]
 22844 | D:14     | Gained mutation: Your flesh is cold resistant. (rC+) [Xom's
                  | grace]
 22844 | D:14     | Gained mutation: You are partially covered in large bone
                  | plates. (SH +4) [Xom's grace]
 22994 | D:14     | Found a gate leading to a gauntlet.
 23023 | Gauntlet | Entered a Gauntlet
 23023 | Gauntlet | Found a large runed translucent door.
 23023 | Gauntlet | Found a large runed translucent door.
 23023 | Gauntlet | Found a large runed translucent door.
 23023 | Gauntlet | Found a large runed translucent door.
 23023 | Gauntlet | Found a large runed translucent door.
 23023 | Gauntlet | Found a large runed translucent door.
 23023 | Gauntlet | Found a large runed translucent door.
 23023 | Gauntlet | Found a large runed translucent door.
 23023 | Gauntlet | Found a runed translucent door.
 23023 | Gauntlet | Found a runed translucent gate.
 23023 | Gauntlet | Found a transporter.
 23023 | Gauntlet | Found a transporter.
 23023 | Gauntlet | Found a runed translucent gate.
 23023 | Gauntlet | Found a transporter.
 23023 | Gauntlet | Found a transporter.
 23026 | Gauntlet | Found a runed translucent door.
 23026 | Gauntlet | Found a runed translucent gate.
 23027 | Gauntlet | Found a transporter.
 23032 | Gauntlet | Found a large runed translucent door.
 23032 | Gauntlet | Found a large runed translucent door.
 23033 | Gauntlet | Found a large runed translucent door.
 23034 | Gauntlet | Found a large runed translucent door.
 23039 | Gauntlet | Found a transporter.
 23043 | Gauntlet | Found a transporter.
 23057 | Gauntlet | Found a transporter.
 23083 | Gauntlet | Found a transporter.
 23102 | Gauntlet | Found a transporter.
 23104 | Gauntlet | Found a transporter.
 23114 | Gauntlet | Found a transporter.
 23226 | Gauntlet | Found a large runed translucent door.
 23226 | Gauntlet | Found a large runed translucent door.
 23227 | Gauntlet | Found a large runed translucent door.
 23228 | Gauntlet | Found a large runed translucent door.
 23377 | Gauntlet | Identified the ring "Lietosomoff" {Fly rElec rPois rN+
                  | Int+4}
 23464 | Gauntlet | XOM: give mutations
 23464 | Gauntlet | Gained mutation: Your system is resistant to poisons.
                  | (rPois) [Xom's grace]
 23464 | Gauntlet | Gained mutation: Your mind is very acute. (Int +8, Str/Dex
                  | -2) [Xom's grace]
 23464 | Gauntlet | Gained mutation: Your movements are less encumbered by
                  | armour. (ER -4) [Xom's grace]
 23482 | Gauntlet | Got the Tome of Translocated Stolen Souls
 23653 | D:14     | XOM: god gift: +2 cloak of poison resistance
 23795 | D:15     | Entered Level 15 of the Dungeon
 23825 | D:15     | XOM: divination: detect items
 24065 | D:15     | XOM: cleaving
 24090 | D:15     | Gained mutation: You have a pair of large horns on your
                  | head. [demonic ancestry]
 24090 | D:15     | Reached XP level 16. HP: 149/149 MP: 17/17
 24108 | D:15     | Killed Maurice
 24133 | D:15     | Noticed Jorgrun
 24153 | D:15     | Killed Jorgrun
 24340 | D:15     | XOM: 1-stop teleportation journey
 24374 | D:15     | Reached skill level 18 in Ranged Weapons
 24483 | D:15     | Found a staircase to the Depths.
 24609 | D:15     | XOM: chaos upgrade
 24691 | D:15     | XOM: draining
 24911 | Lair:1   | Killed Erica
 25009 | Lair:1   | XOM: swap monsters
 25014 | Lair:1   | Killed Nergalle
 25017 | Lair:1   | Killed Urug
 25338 | Lair:2   | XOM: cloud trail
 25373 | Lair:2   | XOM: silly message
 25967 | Snake:1  | Entered Level 1 of the Snake Pit
 26070 | Snake:1  | Found Awkedalo's Book Shoppe.
 26161 | Snake:1  | XOM: divination: detect creatures
 26241 | Snake:1  | Reached skill level 15 in Armour
 26250 | Snake:1  | You are sucked into a shaft and drop 1 floor!
 26509 | Snake:2  | XOM: noise
 26514 | Snake:2  | Reached skill level 1 in Shields
 26514 | Snake:2  | XOM: noise
 26522 | Snake:2  | XOM: potion effect (berserk rage)
 26524 | Snake:2  | XOM: cast spell 'Summon Ice Beast'
 26531 | Snake:2  | XOM: silly message
 26699 | Snake:2  | XOM: noise
 26775 | Snake:2  | Noticed Donald
 26788 | Snake:2  | XOM: god gift: potion of might
 26789 | Snake:2  | Killed Donald
 26822 | Snake:2  | XOM: give mutations
 26822 | Snake:2  | Gained mutation: You are resistant to electric shocks.
                  | (rElec) [Xom's grace]
 26822 | Snake:2  | Gained mutation: Your flesh is very cold resistant. (rC++)
                  | [Xom's grace]
 27208 | Snake:2  | XOM: god gift: book of Iron
 27332 | Snake:3  | Found a runed translucent gate.
 27332 | Snake:3  | Found a runed translucent gate.
 27332 | Snake:3  | Found a runed translucent gate.
 27333 | Snake:3  | Noticed Voveif's ghost (adept VSFi)
 27371 | Snake:3  | XOM: 1-stop teleportation journey
 27474 | Snake:3  | Reached skill level 5 in Shields
 27476 | Snake:3  | XOM: enchant monster (bad)
 27489 | Snake:3  | Reached skill level 5 in Axes
 27711 | Snake:3  | Identified the +5 scale mail "Izisineff" {rC+ Str+2 Int-5}
 27755 | Snake:3  | XOM: cleaving
 27759 | Snake:3  | XOM: snakes to sticks
 27945 | Snake:4  | Entered Level 4 of the Snake Pit
 27950 | Snake:4  | XOM: confuse monster(s)
 28069 | Snake:4  | XOM: enchant monster (bad)
 28071 | Snake:4  | XOM: swap monsters
 28124 | Snake:4  | Gained mutation: You frequently emit foul miasma when
                  | damaged in melee. [demonic ancestry]
 28124 | Snake:4  | Reached XP level 17. HP: 111/156 MP: 18/18
 28418 | Snake:4  | XOM: chaos cloud
 28442 | Snake:4  | XOM: chaos upgrade
 28449 | Snake:4  | XOM: summons 7 friendly demons
 28503 | Snake:4  | XOM: confuse monster(s)
 28506 | Snake:4  | XOM: blink monster(s)
 28538 | Snake:4  | Noticed Bai Suzhen
 28547 | Snake:4  | XOM: summons 16 friendly demons
 28562 | Snake:4  | XOM: enchant monster (good)
 28583 | Snake:4  | XOM: fog
 28589 | Snake:4  | HP: 5/156 [salamander/+0 glaive (14)]
 28589 | Snake:4  | Mangled by a salamander

Illustrated notes

Levels and vault maps discovered:
D:1:      lightli_arrival_maybe_door_vault, layout_basic,
          shapermc_ecumenical_altar_mp_urbaneastern
D:2:      layout_loops_corners, dk_noncrumbling_3, uniq_terence
D:3:      layout_loops_ring
D:4:      layout_loops_ring, kennysheep_small_circle
D:5:      layout_loops_ring, nicolae_elyvilon_temple_path,
          grunt_temple_overflow_open, serial_shops, nicolae_shop_behind_doors,
          kennysheep_mini_moat, nicolae_stop_n_shop_2,
          nicolae_shop_advertising_works [nicolae_subvault_shop_adworks],
          kennysheep_another_room, minivault_19
D:6:      layout_loops_corners, mainiacjoe_overflow_tiny_flanked,
          lemuel_temple_firewalk_b
D:7:      layout_basic, mainiacjoe_overflow_chevrons
D:8:      layout_basic, zin_angel, enter_ossuary_2, nicolae_shop_clearance,
          uniq_joseph
D:9:      layout_basic, grunt_lair_entry_orc_guard_hut, minmay_hedge_maze,
          glass_columns_c
D:10:     layout_basic, kennysheep_little_box
D:11:     layout_rooms, david_orc_2, biasface_ghost_orc_armoury,
          nicolae_fountain_basement
D:12:     layout_cave_pods, introduction_to_nature_2, uniq_gastronok
D:13:     layout_gridville, grunt_vaults_entry_fortified,
          portal_ice_cave_entry_animals_and_master, minmay_misc_feat_iff,
          hellmonk_guarded_unrand_vines, uniq_maurice
D:14:     layout_basic, gauntlet_entry_generic, nicolae_eternal_life
D:15:     hangedman_depths_entry_try_elsewhere_first, layout_basic,
          palyth_stone_intersect, uniq_jorgrun
Lair:1:   layout_regular_city, grunt_megastairs_3, uniq_urug, uniq_nergalle,
          uniq_erica
Lair:2:   layout_concentric_octagons, basic_altar, grunt_megastairs_5,
          infiniplex_staircase_pool, serial_bayou_shore_a
Lair:3:   layout_loops_ring, elwin_shoals_entry_rocks
Lair:4:   hellmonk_destroyed_diamonds, layout_gridlike,
          minmay_snake_entry_guardpost_small
Lair:5:   layout_cave_pods, serial_bayou_lagoon_b
Lair:6:   gammafunk_lair_ancient_temple, layout_cave_pods,
          dpeg_slime_entry_corner, infiniplex_staircase_pool_2
Snake:1:  layout_layer_cave, serial_shops, nicolae_shop_statue_plus,
          grunt_megastairs_2
Snake:2:  layout_chambers, uniq_donald
Snake:3:  layout_rooms, ebering_ghost_rock_garden, st_stairs_6, evilmike_ambush
          [evilmike_ambush_outer_basic, evilmike_ambush_inner_wall_1]
Snake:4:  minmay_snake_end_coiled, layout_misc_corridors, uniq_bai_suzhen
Orc:1:    layout_diamond_mine, serial_shops, nicolae_lakefront_shop
Orc:2:    st_orc_ogre_mass, layout_diamond_mine, basic_altar

Skill      XL: |  1  2  3  4  5  6  7  8  9 10 11 12 13 14 15 16 17 |
---------------+----------------------------------------------------+-----
Axes           | 3 6 7 |  7.4
Ranged Weapons | 1 2 3 4 7 9 10 13 14 17 18 | 18.0
Fighting       | 4 5 8 9 15 | 15.2
Armour         | 3 4 10 14 15 | 15.2
Dodging        | 2 4 |  4.1
Evocations     | 4 7 |  7.0
Summonings     | 3 4 6 |  6.2
Shields        | 6 7 |  7.6

Action                   |  1- 3 |  4- 6 |  7- 9 | 10-12 | 13-15 | 16-18 || total
-------------------------+-------+-------+-------+-------+-------+-------++-------
Melee: Hand axe          |    48 |     8 |    29 |     9 |       |       ||    94
       Kick              |       |     3 |    33 |    11 |    26 |    34 ||   107
       Touch             |       |     1 |     7 |     1 |       |    23 ||    32
       Halberd           |       |    10 |     6 |       |       |       ||    16
       Shortbow          |       |       |    33 |    14 |    46 |       ||    93
       Punch             |       |       |     2 |       |       |       ||     2
       Headbutt          |       |       |       |     1 |    20 |    30 ||    51
       Arbalest          |       |       |       |       |    12 |     8 ||    20
       Broad axe         |       |       |       |       |       |    88 ||    88
 Fire: Shortbow          |    29 |   128 |   396 |   805 |  1592 |       ||  2950
       Arbalest          |       |       |       |     1 |   208 |   430 ||   639
Throw: Boomerang         |       |       |       |     2 |       |       ||     2
 Cast: Call Canine Famil |       |       |     1 |    25 |     2 |       ||    28
       Summon Guardian G |       |       |     1 |    11 |     3 |       ||    15
       Summon Small Mamm |       |       |       |    13 |     3 |       ||    16
Evoke: Wand              |       |       |       |     2 |    16 |    11 ||    29
       Box of beasts     |       |       |       |     1 |       |       ||     1
       Condenser vane    |       |       |       |       |     4 |       ||     4
       Phial of floods   |       |       |       |       |     2 |       ||     2
       Phantom mirror    |       |       |       |       |     2 |       ||     2
  Use: Scroll            |       |     4 |     7 |    20 |    12 |     2 ||    45
       Potion            |       |       |    15 |    12 |     9 |     2 ||    38
 Stab: Invisible         |       |       |     2 |       |       |     1 ||     3
       Confused          |       |       |       |       |       |     2 ||     2
Armor: Leather armour    |    37 |    27 |   107 |   122 |    14 |       ||   307
       Skin              |       |       |     1 |     2 |     3 |       ||     6
       Plate armour      |       |       |       |       |  1359 |   273 ||  1632
       Robe              |       |       |       |       |    30 |       ||    30
Dodge: Dodged            |    55 |    53 |   141 |   248 |   670 |   176 ||  1343
Block: Other             |       |       |       |       |    13 |    73 ||    86

Table legend: (Time is in decaauts)
 A = Elapsed time spent in this place.
 B = Non-inter-level travel time spent in this place.
 C = Inter-level travel time spent in this place.
 D = Time resting spent in this place.
 E = Time spent auto-exploring this place.
 F = Levels seen in this place.
 G = Mean time per level.
                   A        B        C        D        E       F      G
               +--------+--------+--------+--------+--------+-----+--------+
         Total |  29138 |  27288 |   1850 |   2317 |  12733 |  30 |  971.3 |
       Dungeon |  15381 |  14325 |   1056 |   1260 |   7861 |  15 | 1025.4 |
          Lair |   8314 |   7743 |    571 |    873 |   2756 |   6 | 1385.7 |
     Snake Pit |   2676 |   2551 |    125 |     43 |   1192 |   4 |  669.0 |
  Orcish Mines |   1698 |   1600 |     98 |    100 |    870 |   2 |  849.0 |
       Ossuary |    195 |    195 |      0 |      2 |      0 |   1 |  195.0 |
      Ice Cave |    379 |    379 |      0 |     35 |     48 |   1 |  379.0 |
      Gauntlet |    493 |    493 |      0 |      3 |      6 |   1 |  493.0 |
               +--------+--------+--------+--------+--------+-----+--------+

Top non-repeatable levels by time:
  Lair:6: 1782 daAuts
     D:6: 1620 daAuts
    D:12: 1486 daAuts
  Lair:3: 1417 daAuts
  Lair:2: 1319 daAuts
  Lair:4: 1301 daAuts
  Lair:5: 1272 daAuts
   Orc:2: 1259 daAuts
  Lair:1: 1219 daAuts
    D:13: 1204 daAuts
     D:5: 1177 daAuts
     D:7: 1133 daAuts
    D:10: 1109 daAuts
     D:9: 1094 daAuts
 Snake:2: 1054 daAuts
